Map: Ephemeron LE

Players

Mez

  • Race: Terran Terran
  • League: Master
  • Spawn Location: 5:00

Losting - Winner!

  • Race: Protoss Protoss
  • League: Master
  • Spawn Location: 11:00

VOD

Have the link to the VOD?

Description

Time

  • Played on: Sept. 8, 2019, 6:39 p.m.
  • Length: 13:25
Show
View Real Time Build Order
Export as new Build Order

Mez Terran 

Build Orders: Reaper Expand 

Get SALT Encoding   

  12  0:00  SCV  
  13  0:13  SCV  
  14  0:17  Supply Depot  
  14  0:25  SCV  
  15  0:39  Barracks, SCV  
  16  0:47  Refinery  
  16  0:51  SCV  
  17  1:03  SCV  
  18  1:15  SCV  
  19  1:30  Orbital Command  
  19  1:31  Reaper  
  20  1:49  Command Center  
  20  1:57  SCV  
  21  2:03  Marine  
  21  2:06  Supply Depot  
  22  2:12  SCV  
  22  2:13  Bunker  
  23  2:22  Barracks Reactor  
  23  2:28  SCV  
  23  2:47  Factory  
  23  2:48  SCV  
  23  2:51  Command Center  
  24  3:00  Refinery, SCV  
  24  3:02  Orbital Command  
  25  3:08  Marine x2  
  27  3:14  SCV  
  28  3:24  Orbital Command  
  28  3:26  SCV  
  29  3:28  Marine x2  
  29  3:32  Widow Mine  
  29  3:34  Starport  
  33  3:40  SCV  
  34  3:50  SCV  
  34  3:52  SCV  
  34  3:53  Widow Mine, Marine x2  
  41  4:02  SCV  
  41  4:04  SCV  
  41  4:05  Orbital Command  
  42  4:11  Marine x2  
  42  4:12  Starport Tech Lab  
  42  4:14  SCV, Factory Tech Lab  
  45  4:21  SCV  
  46  4:27  SCV  
  46  4:30  SCV  
  48  4:33  SCV  
  48  4:34  Raven  
  51  4:39  Barracks x2  
  51  4:40  Siege Tank  
  51  4:43  SCV x2  
  51  4:45  SCV  
  57  4:47  Refinery  
  57  4:51  Refinery  
  57  4:52  Marine x2  
  58  4:55  SCV x2  
  61  5:06  Supply Depot  
  61  5:07  Supply Depot  
  61  5:16  Orbital Command  
  61  5:25  Factory Reactor  
  61  5:27  Supply Depot x2, SCV x2, Marine x2  
  61  5:28  Supply Depot, Starport Reactor  
  65  5:30  Supply Depot  
  65  5:39  SCV x2  
  67  5:45  SCV  
  67  5:48  Supply Depot  
  62  5:51  SCV x2  
  64  5:57  SCV  
  64  6:00  Marauder x2, Combat Shield  
  64  6:01  Stimpack  
  64  6:02  Marine x2  
  64  6:03  SCV x2  
  73  6:09  SCV  
  74  6:15  SCV x2  
  76  6:20  Medivac  
  76  6:21  Medivac, SCV  
  76  6:22  Supply Depot  
  76  6:23  Widow Mine, Supply Depot  
  76  6:24  Widow Mine  
  76  6:25  Marine x2  
  87  6:26  Marauder x2  
  87  6:28  SCV x2  
  93  6:33  SCV  
  90  6:40  SCV x2  
  90  6:45  SCV  
  90  6:46  Command Center  
  93  6:50  Engineering Bay  
  93  6:51  Engineering Bay  
  93  6:52  SCV x2  
  93  6:53  Armory  
  95  6:55  Supply Depot  
  95  6:57  Supply Depot  
  95  6:58  SCV  
  96  7:04  SCV x2  
  96  7:06  Supply Depot  
  96  7:07  Supply Depot  
  98  7:10  SCV  
  94  7:16  SCV x2  
  94  7:21  Widow Mine x2  
  94  7:22  SCV  
  101  7:27  Terran Infantry Armor Level 1, Terran Infantry Weapons Level 1  
  101  7:28  SCV x2  
  103  7:30  Marauder x2, Marine x2  
  103  7:31  Medivac x2  
  103  7:35  Supply Depot  
  107  7:37  SCV  
  107  7:40  SCV x2  
  107  7:43  Missile Turret x2  
  110  7:47  Terran Ship Weapons Level 1, Missile Turret x2  
  110  7:51  Missile Turret  
  110  7:52  Refinery  
  110  7:53  Refinery  
  110  7:54  Starport  
  110  7:55  Starport, Fusion Core  
  110  8:07  Supply Depot  
  110  8:12  SCV x3  
  113  8:24  SCV x2  
  115  8:31  Starport Tech Lab x2  
  115  8:35  Starport Tech Lab  
  115  8:42  Planetary Fortress  
  115  8:52  Battlecruiser  
  115  8:53  Battlecruiser  
  127  9:04  Marauder x2, Marine x2  
  127  9:08  Refinery  
  133  9:11  Refinery  
  133  9:14  Widow Mine x2  
  133  9:16  Battlecruiser  
  143  9:27  Command Center  
  143  9:28  Command Center  
  143  9:33  Command Center  
  143  9:43  Command Center  
  143  9:49  Terran Infantry Weapons Level 2  
  143  9:50  Terran Infantry Armor Level 2  
  143  9:51  Terran Ship Weapons Level 2  
  143  9:53  Weapon Refit  
  143  9:58  SCV x3  
  146  10:03  Missile Turret  
  146  10:08  Missile Turret  
  146  10:14  Battlecruiser, Missile Turret  
  152  10:17  Missile Turret  
  152  10:23  Battlecruiser  
  152  10:26  Missile Turret  
  158  10:32  Battlecruiser  
  158  10:34  Marine x4  
  168  10:38  Supply Depot  
  168  10:40  Orbital Command  
  168  10:44  Command Center  
  168  10:48  Orbital Command  
  168  10:52  Marine  
  168  10:57  Refinery  
  169  11:00  Widow Mine x2  
  169  11:02  Orbital Command, Refinery  
  173  11:05  Planetary Fortress  
  173  11:09  Marine x3  
  173  11:10  Marine  
  177  11:12  Concussive Shells  
  177  11:18  Battlecruiser  
  183  11:31  Battlecruiser  
  189  11:36  Battlecruiser  
  189  11:39  SCV  
  198  11:40  SCV x3  
  140  12:33  Marine x4  
  142  12:46  Orbital Command  
  142  12:51  Marine x4  
  127  13:02  Command Center  
Show
View Real Time Build Order
Export as new Build Order

Losting Protoss - Winner!

Build Orders: Colossus Rush 

Get SALT Encoding   

  12  0:01  Probe  
  13  0:16  Probe  
  13  0:21  Pylon  
  14  0:28  Probe  
  15  0:39  Gateway, Probe  
  15  0:47  Probe  
  16  0:56  Assimilator  
  17  0:57  Probe  
  18  1:05  Probe  
  19  1:14  Probe  
  20  1:28  Probe  
  20  1:31  Cybernetics Core  
  21  1:34  Pylon  
  21  1:45  Nexus  
  21  1:51  Pylon  
  22  1:54  Probe  
  22  1:59  Adept  
  22  2:04  Assimilator  
  22  2:06  Probe  
  23  2:13  Warp Gate  
  25  2:18  Probe  
  26  2:29  Stalker  
  28  2:30  Probe  
  28  2:42  Probe  
  29  2:46  Pylon  
  29  2:51  Robotics Facility  
  29  2:53  Probe  
  29  2:54  Probe  
  31  3:01  Probe  
  31  3:04  Probe  
  32  3:11  Probe  
  33  3:13  Probe  
  33  3:18  Stalker  
  37  3:21  Probe  
  37  3:23  Probe  
  39  3:33  Probe  
  40  3:35  Probe  
  40  3:39  Observer  
  42  3:43  Robotics Bay  
  42  3:45  Probe  
  42  3:46  Assimilator  
  42  3:47  Probe, Assimilator  
  44  3:58  Pylon, Probe  
  44  3:59  Pylon, Probe  
  44  4:01  Stalker  
  48  4:09  Warp Prism  
  48  4:10  Probe  
  48  4:12  Probe  
  52  4:22  Probe  
  52  4:23  Gateway  
  52  4:24  Probe  
  54  4:25  Gateway  
  54  4:31  Gravitic Drive  
  54  4:40  Observer  
  54  4:41  Disruptor  
  57  5:01  Nexus  
  57  5:04  Pylon  
  57  5:08  Probe x2  
  59  5:14  Gateway  
  59  5:16  Observer  
  59  5:18  Forge  
  59  5:20  Forge  
  60  5:28  Colossus  
  60  5:30  Probe x2  
  60  5:32  Extended Thermal Lance  
  62  5:38  Sentry x2  
  62  5:39  Sentry  
  62  5:42  Probe  
  75  5:43  Protoss Ground Armor Level 1, Protoss Ground Weapons Level 1  
  74  5:53  Probe  
  74  5:54  Probe  
  74  5:56  Pylon  
  76  6:00  Pylon  
  76  6:05  Probe  
  76  6:06  Probe  
  78  6:11  Pylon  
  78  6:17  Probe  
  79  6:22  Colossus  
  85  6:26  Pylon  
  85  6:30  Twilight Council  
  83  6:38  Probe x2  
  83  6:39  Probe  
  86  6:40  Assimilator  
  86  6:44  Assimilator  
  86  6:45  Zealot x3  
  86  6:46  Zealot  
  94  6:50  Probe  
  95  6:54  Pylon  
  95  7:00  Gateway  
  95  7:01  Gateway  
  95  7:07  Gateway  
  95  7:08  Gateway  
  95  7:10  Charge  
  95  7:18  Probe x2  
  95  7:19  Probe  
  95  7:21  Protoss Ground Weapons Level 2, Stalker x4  
  95  7:22  Protoss Ground Armor Level 2  
  106  7:26  Colossus  
  112  7:30  Probe x2  
  112  7:31  Probe  
  115  7:46  Stalker x3  
  115  7:47  Stalker  
  123  7:56  Probe x3  
  126  7:59  Pylon  
  126  8:22  Stargate  
  126  8:25  Pylon  
  126  8:28  Robotics Facility  
  126  8:31  Gateway, Nexus  
  126  8:34  Gateway, Pylon  
  126  8:35  Pylon  
  126  8:36  Assimilator  
  126  8:44  Probe x3  
  126  8:47  Assimilator  
  129  8:49  Pylon  
  129  8:50  Blink  
  129  9:15  Fleet Beacon  
  129  9:16  Stargate  
  129  9:19  Stargate  
  129  9:26  Templar Archives  
  129  9:28  Photon Cannon  
  129  9:33  Photon Cannon  
  129  9:36  Photon Cannon  
  129  9:39  Colossus  
  129  9:41  Immortal  
  139  10:00  Probe x4  
  139  10:06  Tempest x2  
  138  10:07  Tempest  
  138  10:11  Nexus  
  138  10:13  Pylon  
  153  10:17  High Templar x2, Assimilator  
  153  10:18  High Templar x2  
  153  10:20  Observer, Protoss Ground Weapons Level 3  
  153  10:21  Protoss Ground Armor Level 3, Assimilator  
  162  10:31  Probe x3  
  162  10:32  Archon x2, Probe  
  162  10:33  Observer  
  167  10:41  Warp Prism  
  169  10:49  Protoss Air Weapons Level 1  
  169  10:51  Tempest  
  169  10:55  Observer  
  175  11:02  Probe x4  
  179  11:04  Pylon  
  179  11:07  Tempest  
  179  11:08  Tempest  
  189  11:14  Gateway  
  189  11:16  Gateway  
  189  11:35  Carrier  
  195  11:57  Oracle  
  198  12:07  Stalker x4  
  198  12:08  Stalker x4  
  166  12:24  Observer  
  166  12:25  Observer  
  164  12:52  Stalker x3  
  164  12:53  Stalker x5  
  164  12:54  Stalker x3  
  164  12:55  Stalker  
Tags
 
Add a new tag
Caveats
  • Supply blocks, unpowered buildings, or Contaminate may cause inaccurate times.
  • Supply counts are checked every 10 seconds.